 Dungeon Crawl Stone Soup version 0.23-a0-607-g760965b7 (webtiles) character file.

105 zishaf the Chopper (level 4, -2/41 HPs)
             Began as a Hill Orc Monk on Dec 20, 2018.
             Slain by a worm (4 damage)
             ... on level 4 of the Dungeon.
             The game lasted 00:03:54 (2778 turns).

zishaf the Chopper (Hill Orc Monk)                  Turns: 2778, Time: 00:03:54

Health: -2/41      AC:  6    Str: 14    XL:     4   Next: 83%
Magic:  4/4        EV: 12    Int: 10    God:
Gold:   84         SH:  0    Dex: 13    Spells: 3/3 levels left

rFire    . . .     SeeInvis .   a - +0 hand axe
rCold    . . .     Gourm    .   (no shield)
rNeg     . . .     Faith    .   t - +0 ring mail
rPois    .         Spirit   .   (no helmet)
rElec    .         Reflect  .   (no cloak)
rCorr    .         Harm     .   m - +0 pair of gloves
MR       .....                  (no boots)
Stlth    +.........             (no amulet)
HPRegen  0.13/turn              q - ring of wizardry
MPRegen  0.09/turn              (no ring)

@: no status effects
A: no striking features
a: no special abilities


You were on level 4 of the Dungeon.
You were not hungry.

You visited 1 branch of the dungeon, and saw 4 of its levels.

You collected 84 gold pieces.

Inventory:

Hand Weapons
 a - a +0 hand axe (weapon)
 b - a +2 hunting sling of velocity
Missiles
 p - 27 sling bullets
 r - 14 stones (quivered)
Armour
 m - a +0 pair of gloves (worn)
 t - a +0 ring mail (worn)
Jewellery
 q - a ring of wizardry (left hand)
Wands
 o - a wand of disintegration (15)
Scrolls
 g - 2 scrolls of enchant weapon {unknown}
 h - 3 scrolls of remove curse
 i - a scroll of fear {unknown}
 k - 2 scrolls of identify {unknown}
 l - a scroll of random uselessness {unknown}
 n - 2 scrolls of enchant armour {unknown}
Potions
 d - 2 potions of ambrosia {unknown}
 e - 2 potions of agility {unknown}
 f - 2 potions of lignification {unknown}
Comestibles
 c - 2 rations


   Skills:
 + Level 4.5 Fighting
 + Level 5.0 Axes
 + Level 2.2 Armour
 - Level 3.0 Dodging
 - Level 1.5 Stealth


You had 3 spell levels left.
You didn't know any spells.
Your spell library was empty.

Dungeon Overview and Level Annotations

Branches:
Dungeon (4/15)
 Temple: D:4-7

Altars:
Gozag

Portals:
Ossuary: D:4


Message History

The gnoll misses you. x2; The worm bites you.
* * * LOW HITPOINT WARNING * * *
You barely miss the gnoll.
The gnoll is almost dead.
You hit the worm but do no damage. You barely miss the gnoll.
The gnoll closely misses you. The gnoll misses you. x2
The worm bites you but does no damage.
You closely miss the gnoll.
The gnoll is almost dead.
You hit the worm. You hit the gnoll. The gnoll hits you with a +0 whip.
* * * LOW HITPOINT WARNING * * *
The gnoll barely misses you.
The gnoll hits you from afar with a +0 spear.
* * * LOW HITPOINT WARNING * * *
The gnoll closely misses you.
You closely miss the gnoll.
The gnoll is almost dead.
You hit the worm. You hit the gnoll. The gnoll misses you.
The gnoll barely misses you. The worm bites you.
You die...

*,**,* *,**,** *,**,,*
###########* *,***,**
#..........* *,* *,,***
#......$...* *,*
**.,,**#..........* *,*
*.∩.,*#..........* *
*,****.....#.gw.......*
***,,,,,.......g@.......*
,,*****,......g###..#...* ***
*,*****,.......**,,.#**,*** ***,,
*,,,,,**......gg,,,,..,,,,***,,,,
****,,,*.......***,,,..,,,,,,,,,,
,,***,,,..(...(***,**,..,,,,,,,,,
*,,**,,,.......,,,,,,,,.,,**,***,
**,*,,,,.......*,,*,,,,,,,,,,,,*,
,*,,,,,,,,,,,*,,,,,,*,,,,,**,*,*,


You could see a worm and 3 gnolls.

Vanquished Creatures
  A gnoll (D:4)
  3 adders
  2 dart slugs
  2 leopard geckos
  An orc (D:3)
  8 bats
  2 giant cockroaches (D:1)
  A gnoll zombie (D:4)
  7 goblins
  8 hobgoblins
  4 jackals (D:1)
  3 quokkas
  2 ball pythons (D:3)
  5 frilled lizards
  2 kobolds
  6 rats
57 creatures vanquished.

Notes
Turn   | Place    | Note
-------+----------+-------------------------------------------
     0 | D:1      | zishaf the Hill Orc Monk began the quest for the Orb.
     0 | D:1      | Reached XP level 1. HP: 19/19 MP: 1/1
   127 | D:1      | Reached XP level 2. HP: 23/27 MP: 2/2
   429 | D:1      | Reached skill level 1 in Armour
   613 | D:1      | Reached XP level 3. HP: 31/33 MP: 3/3
  1615 | D:2      | Reached XP level 4. HP: 33/40 MP: 4/4
  2385 | D:3      | Found an opulent altar of Gozag.
  2528 | D:4      | Found a sand-covered staircase.
  2537 | D:4      | Reached skill level 5 in Axes
  2777 | D:4      | HP: 2/41 [gnoll/+0 spear (1)]
  2778 | D:4      | Slain by a worm

Vault maps used:
D:1:      lightli_arrival_farm
D:2:      serial_forest, infiniplex_forest_corner_1,
          infiniplex_forest_clump_small, infiniplex_forest_clump_tiny,
          infiniplex_forest_end_1, infiniplex_forest_pool,
          infiniplex_forest_straight_2, infiniplex_forest_lined_room_2
D:3:      lemuel_coloured_pillars_altar
D:4:      grunt_temple_overflow_open, enter_ossuary_3, minmay_misc_feat_doors,
          kennysheep_generic_room_9

Skill      XL: |  1  2  3  4 |
---------------+-------------+-----
Armour         | 1 2 |  2.2
Fighting       | 4 |  4.5
Dodging        | 3 |  3.0
Axes           | 5 |  5.0
Stealth        | |  1.5

Action                   |  1- 3 |  4- 6 || total
-------------------------+-------+-------++-------
Melee: Hand axe          |   118 |    38 ||   156
 Fire: Hunting sling     |     5 |    32 ||    37
  Use: Scroll            |       |     3 ||     3
 Stab: Sleeping          |     4 |       ||     4
  Eat: Chunk             |     2 |     4 ||     6
Armor: Robe              |    26 |       ||    26
       Leather armour    |     3 |       ||     3
       Ring mail         |       |    17 ||    17
Dodge: Dodged            |    92 |    50 ||   142

Table legend:
 A = Non-vault XP
 B = Vault XP
 C = Vault XP percentage of total XP
 D = Non-vault monster count
 E = Vault monster count
 F = Vault count percentage of total count
                 A         B        C        D         E       F
            +---------+---------+-------+---------+---------+-------
      Total |     149 |       2 |   1.3 |      56 |       1 |   1.8
            +---------+---------+-------+---------+---------+-------
        D:1 |      44 |       0 |   0.0 |      26 |       0 |   0.0
        D:2 |      48 |       0 |   0.0 |      13 |       0 |   0.0
        D:3 |      43 |       0 |   0.0 |      16 |       0 |   0.0
        D:4 |      14 |       2 |  12.5 |       1 |       1 |  50.0
            +---------+---------+-------+---------+---------+-------
